cohdb
Replays
Latest Replays
All Replays
Popular Replays
Top Player Replays
Match Explorer
How It Works
Community
CoH3 Stats
Reddit
Sign in to upload your games and track your stats! →
Sign in with Steam
Match 41736858
Unlisted
Match 41736858
Overview
Messages
Build Orders
End
Construct Infanterie Kompanie
MG 42 Machine Gun Team
Selects Terror Battlegroup
Selects Machine Gun Camouflage
GrW 34 Mortar Team
Grenadier Squad
Grenadier Squad
Infanterie Officer Quarters
Construct Luftwaffe Kompanie
Jäger Squad
Medical Bunker
Luftwaffe Officer Quarters
Forward Retreat Point
Selects Interrogate
Construct Panzer Kompanie
Stoßtruppen Squad
Selects Propaganda Leaflet Drop
Panzer IV Medium Tank
Panzer Officer Quarters
Selects V1 Rocket Strike
Propaganda Leaflet Drop
Panzer IV Medium Tank
Selects Defend the Fatherland
Side Skirts
Propaganda Leaflet Drop
Stevanevus
inc.
Quack
Kim Jong-un
Monseigneur
redcoat15
Gravey
999
0
0
Comments
sign in to comment!
No comments posted yet!